 Dungeon Crawl Stone Soup version 0.27.1 (webtiles) character file.

Game seed: 18324914852421591590

34 hawla the Sneak (level 3, 0/22 HPs)
             Began as a Deep Elf Delver on Sept 2, 2021.
             Slain by a quokka (4 damage)
             ... on level 1 of the Dungeon.
             The game lasted 00:07:38 (1951 turns).

hawla the Sneak (Deep Elf Delver)                   Turns: 1951, Time: 00:07:39

Health: 0/22       AC:  4    Str:  9    XL:     3   Next: 14%
Magic:  5/5        EV: 12    Int: 15    God:
Gold:   30         SH:  0    Dex: 16    Spells: 2/2 levels left

rFire    . . .     SeeInvis .   a - +0 short sword
rCold    . . .     Faith    .   (no shield)
rNeg     . . .     Spirit   .   b - +0 leather armour
rPois    .         Reflect  .   (no helmet)
rElec    .         Harm     .   f - +0 cloak
rCorr    .         Rampage  .   (no gloves)
Will     .....                  (no boots)
Stlth    +++.......             (no amulet)
HPRegen  0.07/turn              (no ring)
MPRegen  0.09/turn              (no ring)

@: no status effects
A: no striking features
a: no special abilities


You were on level 1 of the Dungeon.
You visited 1 branch of the dungeon, and saw 5 of its levels.

You collected 30 gold pieces.

Inventory:

Hand Weapons
 a - a +0 short sword (weapon)
Armour
 b - a +0 leather armour (worn)
 f - a +0 cloak (worn)
Wands
 g - a wand of digging (3)
Scrolls
 c - a scroll of immolation {unknown}


   Skills:
 + Level 2.5 Fighting
 + Level 2.2 Short Blades
 + Level 2.6 Dodging
 + Level 6.9 Stealth


You had 2 spell levels left.
You didn't know any spells.
Your spell library was empty.

Dungeon Overview and Level Annotations

Branches:
Dungeon (5/15)
 Temple: D:4-7

Altars:
Qazlal

Shops:
D:2 [

Annotations:
D:1 Natasha
D:5 Blork the orc


Message History

You start resting.
A kobold is nearby!
A rat comes into view.
The kobold throws a stone.
The stone hits you but does no damage. The rat bites you.
* * * LOW HITPOINT WARNING * * *
You hit the rat but do no damage. The rat bites you but does no damage.
You closely miss the rat. The rat closely misses you.
The kobold throws a stone.
The stone hits you.
* * * LOW HITPOINT WARNING * * *
The quokka bites you but does no damage.
The rat bites you but does no damage.
There is a stone staircase leading up here.
You can't go down here!
The rat bites you but does no damage.
The quokka bites you but does no damage.
You climb upwards.
Level annotation: Natasha
There is a stone staircase leading down, spattered with blood here.
You hit the quokka.
The quokka is heavily wounded.
The rat closely misses you.
The quokka bites you but does no damage.
You hit the quokka but do no damage.
The quokka is heavily wounded.
The rat barely misses you. The quokka misses you.
You closely miss the quokka.
The quokka is heavily wounded.
The quokka closely misses you. The rat barely misses you.
You hit the rat.
You kill the rat!
The quokka misses you. The quokka closely misses you.
You hit the quokka.
The quokka is severely wounded.
The quokka bites you.
* * * LOW HITPOINT WARNING * * *
You hit the quokka but do no damage.
The quokka is severely wounded.
The quokka bites you.
You die...

,,,,,,,,,........####.##....#
,,,,,,,,,........# #.##....#
,,,,,,,,,........# #.......#
,,,,,,,,,...$....# #.......#
,,,,*****######..# #....(###
,,,,*,,,,,,,,,.#.# #.....#
,****,********.#.# #.....#
,****,**** *,#.####.....#######
,,,,,,,,,*****,#@rJ.......'......
,,,,,,,,,,,,,,,#.####.....#######
,,,,,,,,,,*****#..,,#.....#
,,,,,,,,,,* ####,#.....#
,,,,,,,,,** *,#.....# ,,,,,,,,,*
*,#.##### ,,,,,,,,,* *,#.*
,,,,,,,,,* *,#,* ,,,,,,,,,* *,,,*


You could see an endoplasm and a quokka.

Vanquished Creatures
  An adder (D:2)
  2 ball pythons
  2 endoplasms
  3 hobgoblins (D:2)
  2 jackals (D:2)
  A quokka (D:2)
  2 bats (D:2)
  2 frilled lizards
  3 goblins
  3 kobolds (D:2)
  3 rats
24 creatures vanquished.

Notes
Turn   | Place    | Note
-------+----------+-------------------------------------------
     0 | D:5      | hawla the Deep Elf Delver began the quest for the Orb.
     0 | D:5      | Reached XP level 1. HP: 13/13 MP: 3/3
     7 | D:5      | Noticed Blork the orc
    14 | D:4      | Noticed a hound
    43 | D:3      | Found a stormy altar of Qazlal.
   170 | D:2      | Found Uweemuc's Armour Boutique.
   616 | D:2      | Reached XP level 2. HP: 13/18 MP: 4/4
   878 | D:2      | Noticed Natasha
   881 | D:2      | Noticed a crimson imp
  1356 | D:1      | You fall into a shaft and drop 1 floor!
  1656 | D:2      | Reached XP level 3. HP: 7/22 MP: 5/5
  1951 | D:1      | Slain by a quokka

Illustrated notes

Levels and vault maps discovered:
D:1:      psy_arrival_terrarium, layout_basic, eino_curves_03,
          ebering_dispersal_statue_hall, minmay_hedge_maze
D:2:      layout_basic, serial_shops, nicolae_shop_trees,
          hellmonk_ecumenical_altar_dog_temple, uniq_natasha
D:3:      layout_basic, grunt_qazlal_clouds, minmay_circle_x
D:4:      layout_basic, lemuel_round_altar, old_standard_altar, serial_shops,
          shop, minmay_rat_hole
D:5:      layout_gridville, nicolae_overflow_crystal_walls, uniq_blork_the_orc

Action                   || total
-------------------------++-------
Melee: Short sword       ||   129
  Use: Scroll            ||     6
       Potion            ||     3
 Stab: Sleeping          ||     6
Armor: Leather armour    ||    52
Dodge: Dodged            ||   140
